 Dungeon Crawl Stone Soup version bcrawl-1.12-11-gb93c957c58 (console) character file.

Game seed: 14358087766476398391

133 Lexodia the Sneak (level 4, 0/33 HPs)
             Began as a Demonspawn Archaeologist on July 4, 2019.
             Killed by divine providence
             ... invoked by an orc priest
              (16 damage)
             ... on level 3 of the Dungeon.
             The game lasted 00:06:09 (2366 turns).

Lexodia the Sneak (Demonspawn Archaeologist)        Turns: 2366, Time: 00:06:09

Health: 0/33       AC: 11    Str: 13    XL:     4   Next: 94%
Magic:  4/4        EV:  6    Int: 15    God:
Gold:   91         SH:  0    Dex: 16    Spells: 3/3 levels left

rFire    . . .     SeeInvis .     - Unarmed
rCold    . . .     Gourm    .   (no shield)
rNeg     . . .     Faith    .   h - +0 chain mail
rPois    .         Spirit   .   b - +1 hat
rElec    .         Reflect  .   (no cloak)
rCorr    .         Harm     .   (no gloves)
MR       .....                  c - +1 pair of boots
Stlth    ..........             (no amulet)
HPRegen  0.11/turn              o - +5 ring of dexterity
MPRegen  0.09/turn              (no ring)

@: studying Armour, drained
A: claws 1, powered by pain 1
a: no special abilities


You were on level 3 of the Dungeon.
You were not hungry.

You visited 1 branch of the dungeon, and saw 3 of its levels.

You collected 91 gold pieces.

Inventory:

Armour
 a - a +1 robe
 b - a +1 hat (worn)
 c - a +1 pair of boots (worn)
 d - a +1 pair of gloves
 h - a +0 chain mail (worn)
Jewellery
 i - an uncursed ring of ice
 o - a +5 ring of dexterity (left claw)
Scrolls
 j - a scroll of remove curse
 l - a scroll of fog
Potions
 r - a potion of ambrosia
Books
 e - a manual of Armour
Miscellaneous
 f - an ancient crate
Comestibles
 g - 6 rations {!d}
 k - 15 chunks of flesh


   Skills:
 - Level 2.0(1.1) Fighting
 + Level 2.4(1.5) Armour
 - Level 3.0(2.1) Dodging
 - Level 3.0(2.1) Stealth
 * Level 3.0(2.2) Unarmed Combat


You had 3 spell levels left.
You didn't know any spells.
Your spell library was empty.

Dungeon Overview and Level Annotations

Branches:
Dungeon (3/12)

Altars:
Elyvilon
Gozag
Sif Muna
Trog
Wu Jian
Yredelemnul


Innate Abilities, Weirdness & Mutations

You have sharp fingernails.
You sometimes gain a little power by taking damage.


Message History

Your chain mail prevents you from hitting the orc.
The orc barely misses you.
The orc hits you from afar with a +0 trident.
Things that are here:
a +0 whip; a +0 spear; a gnoll corpse Your chain mail prevents you from hitting the orc.
The orc hits you but does no damage.
You feel drained.
An orc priest comes into view.
The orc hits you but does no damage.
The orc priest shouts!
You scratch the orc.
The orc is lightly wounded.
The orc hits you but does no damage.
You feel drained.
You barely miss the orc.
The orc is lightly wounded.
The orc hits you from afar with a +0 trident.
The orc hits you but does no damage.
You feel drained.
The orc priest invokes the aid of Beogh against you.
Beogh smites you!
You die...

##.. ....#####......
####...####.<..........
.......)...............
##....###.......#.<....
.....####.#.###..######
#####.......# ##...#
##....##.#### ###...)
#....###$# .....
#...oo@..# ###.
#..g.##### .......
..o#### .. . . ># .g


You could see an orc priest, 2 orcs and a hobgoblin.

Vanquished Creatures
  An adder (D:2)
  4 gnolls
  2 worms (D:2)
  6 leopard geckos
  6 orcs
  2 ball pythons
  7 bats
  A giant cockroach (D:1)
  8 goblins
  6 hobgoblins
  4 jackals (D:2)
  7 kobolds
  2 quokkas
  2 frilled lizards (D:1)
  7 rats
65 creatures vanquished.

Notes
Turn   | Place    | Note
-------+----------+-------------------------------------------
     0 | D:1      | Lexodia the Demonspawn Archaeologist began the quest for
                  | the Orb.
     0 | D:1      | Reached XP level 1. HP: 15/15 MP: 1/1
    77 | D:1      | Gained mutation: You have sharp fingernails. [demonic
                  | ancestry]
    77 | D:1      | Reached XP level 2. HP: 2/22 MP: 2/2
   648 | D:1      | Reached skill level 1 in Unarmed Combat
   892 | D:2      | Gained mutation: You sometimes gain a little power by
                  | taking damage. [demonic ancestry]
   892 | D:2      | Reached XP level 3. HP: 26/27 MP: 3/3
  1219 | D:2      | Found a basalt altar of Yredelemnul.
  1222 | D:2      | Found a white marble altar of Elyvilon.
  1222 | D:2      | Found an opulent altar of Gozag.
  1227 | D:2      | Found a deep blue altar of Sif Muna.
  1338 | D:2      | Reached skill level 1 in Armour
  1643 | D:2      | Reached XP level 4. HP: 29/33 MP: 4/4
  1649 | D:2      | Found an ornate altar of the Wu Jian Council.
  1731 | D:2      | HP: 1/33 [orc/+0 flail (8)]
  2120 | D:2      | Found a bloodstained altar of Trog.
  2366 | D:3      | Killed from afar by an orc priest

Skill      XL: |  1  2  3  4 |
---------------+-------------+-----
Dodging        | 3 |  3.0
Unarmed Combat | 1 2 3 |  3.0
Fighting       | 2 |  2.0
Armour         | 1 2 |  2.4
Stealth        | |  3.0

Action                   |  1- 3 |  4- 6 || total
-------------------------+-------+-------++-------
Melee: Unarmed           |   253 |   119 ||   372
       Punch             |     1 |       ||     1
  Use: Scroll            |     6 |     1 ||     7
       Potion            |     3 |     2 ||     5
 Stab: Sleeping          |     6 |       ||     6
  Eat: Chunk             |     3 |     2 ||     5
Armor: Robe              |   119 |     4 ||   123
       Chain mail        |       |    44 ||    44
Dodge: Dodged            |   218 |    45 ||   263
